 Dungeon Crawl Stone Soup version 0.25.1-11-g244df3a29b (webtiles) character file.

Game seed: 9093017594273630445

1611292 DeepDeath the Conqueror (level 27, 300/300 HPs)
             Began as a Hill Orc Necromancer on Dec 9, 2023.
             Was the Champion of Okawaru.
             Escaped with the Orb
             ... and 3 runes on Dec 12, 2023!
             The game lasted 08:34:01 (89845 turns).

DeepDeath the Conqueror (Hill Orc Necromancer)     Turns: 89845, Time: 08:34:01

Health: 300/300    AC: 47    Str: 23    XL:     27
Magic:  42/44      EV: 22    Int: 15    God:    Okawaru [******]
Gold:   1242       SH:  0    Dex: 16    Spells: 22/36 levels left

rFire    + + +     SeeInvis +   d - +8 battleaxe (holy)
rCold    + + +     Gourm    .   (shield currently unavailable)
rNeg     + + .     Faith    .   O - +10 pearl dragon scales "Pant" {+Blink rF+ rN+ MR-}
rPois    +         Spirit   .   Y - +2 helmet {SInv}
rElec    +         Reflect  .   o - +2 cloak {MR+}
rCorr    .         Harm     .   s - +1 pair of gloves "Ikkiraga" {rElec rF+ rC+}
MR       +++..                  X - +4 pair of boots of Jigsaw {Dex+4}
Stlth    +.........             K - amulet of the Scarab {rElec rF- Regen+ MP+9 Stlth+}
HPRegen  1.00/turn              A - ring of the Tuna {rF+ rC+ MP+9}
MPRegen  0.29/turn              W - ring "Fanag" {rPois rF+ rN+ MR+ MP-9}

@: hasted, very quick
A: fangs 1, cold resistance 1, deterioration 1, robust 1, MP-powered wands
0: Orb of Zot
}: 3/15 runes: decaying, serpentine, silver
a: Heroism, Finesse, Renounce Religion, Evoke Blink


You escaped.
You worshipped Okawaru.
Okawaru was exalted by your worship.
You were very full.

You visited 11 branches of the dungeon, and saw 52 of its levels.
You visited the Abyss 2 times.
You also visited: Bailey, Gauntlet, Ice Cave and Volcano.

You collected 9213 gold pieces.
You spent 7971 gold pieces at shops.

Inventory:

Hand Weapons
 a - a +3 antimagic battleaxe
 d - a +8 battleaxe of holy wrath (weapon)
 e - a +5 battleaxe of electrocution
 v - a +6 vampiric lajatang
 w - the +10 executioner's axe "Ofyimab" {flame, rPois Str+2 Int-2}
   (You acquired it on level 2 of the Snake Pit)

   It has been specially enchanted to burn those struck by it, causing extra
   injury to most foes and up to half again as much damage against particularly
   susceptible opponents.
   Big, fiery blades are also staple armaments of hydra-hunters.
   It affects your strength (+2).
   It affects your intelligence (-2).
   It protects you from poison.
Missiles
 J - 66 javelins
 R - 17 boomerangs of dispersal
 S - 44 silver javelins (quivered)
 Z - 21 curare-tipped darts
Armour
 o - a +2 cloak of magic resistance (worn)
 s - the +1 pair of gloves "Ikkiraga" (worn) {rElec rF+ rC+}
   (Okawaru gifted it to you on level 12 of the Dungeon)

   It protects you from fire.
   It protects you from cold.
   It insulates you from electricity.
 O - the +10 pearl dragon scales "Pant" (worn) {+Blink rF+ rN+ MR-}
   (You bought it in a shop on level 2 of the Orcish Mines)

   It protects you from fire.
   It protects you from negative energy.
   It affects your resistance to hostile enchantments.
   It lets you blink.
 X - the +4 pair of boots of Jigsaw (worn) {Dex+4}
   (You acquired it on level 5 of the Vaults)

   It affects your dexterity (+4).
 Y - a +2 helmet of see invisible (worn)
Jewellery
 t - an uncursed ring of resist corrosion
 A - the ring of the Tuna (left hand) {rF+ rC+ MP+9}
   (You acquired it on level 4 of the Snake Pit)

   [ring of protection from fire]

   It protects you from fire.
   It protects you from cold.
   It affects your magic capacity (+9).
 K - the amulet of the Scarab (around neck) {rElec rF- Regen+ MP+9 Stlth+}
   (You took it off a yaktaur on level 3 of the Depths)

   [amulet of regeneration]

   It makes you vulnerable to fire.
   It insulates you from electricity.
   It affects your magic capacity (+9).
   It increases your rate of regeneration.
   It makes you more stealthy.
 N - an uncursed amulet of the acrobat
 W - the ring "Fanag" (right hand) {rPois rF+ rN+ MR+ MP-9}
   (You took it off a deep elf demonologist on level 3 of the Depths)

   [ring of protection from magic]

   It protects you from fire.
   It protects you from poison.
   It protects you from negative energy.
   It affects your resistance to hostile enchantments.
   It affects your magic capacity (-9).
Wands
 k - a wand of disintegration (54)
 q - a wand of clouds (9)
 y - a wand of digging (16)
 B - a wand of acid (20)
 Q - a wand of paralysis (28)
 U - a wand of iceblast (54)
Scrolls
 g - 28 scrolls of remove curse
 m - 11 scrolls of fog
 p - 2 scrolls of fear
 D - 3 scrolls of holy word
 E - a scroll of summoning
 F - a scroll of noise
 G - 7 scrolls of teleportation
 H - 4 scrolls of identify
 P - 2 scrolls of silence
 T - 3 scrolls of blinking
Potions
 b - 5 potions of heal wounds
 c - 25 potions of curing
 h - 2 potions of haste
 i - 18 potions of flight
 l - 11 potions of stabbing
 r - 5 potions of resistance
 u - a potion of might
 x - 2 potions of invisibility
 I - 7 potions of cancellation
 L - 4 potions of mutation
 M - 4 potions of berserk rage
Miscellaneous
 j - a phantom mirror
 n - a lightning rod (4/4)
 z - a phial of floods
 V - 6 boxes of beasts
Comestibles
 f - 59 rations


   Skills:
 O Level 27 Fighting
 O Level 27 Axes
   Level 10.4(20.2) Maces & Flails
 - Level 13.0(14.0) Staves
 - Level 18.0 Throwing
 + Level 23.0 Armour
 + Level 17.0 Dodging
 - Level 2.0 Stealth
   Level 6.0 Shields
 - Level 5.0 Spellcasting
 - Level 2.0 Conjurations
 - Level 12.0 Necromancy
 - Level 16.0 Invocations
 - Level 6.0 Evocations


You had 22 spell levels left.
You knew the following spells:

 Your Spells              Type           Power        Failure   Level  Hunger
a - Pain                  Necr           ####         1%          1    None
d - Magic Dart            Conj           #...         13%         1    None
m - Animate Dead          Necr           N/A          1%          4    ####...
q - Animate Skeleton      Necr           N/A          1%          1    None
u - Dispel Undead         Necr           #####...     1%          4    ####...
v - Vampiric Draining     Necr           #####.....   1%          3    ###....

Your spell library contained the following spells:

 Spells                   Type           Power        Failure   Level  Hunger
 Corpse Rot               Necr/Air       N/A          3%          2    ##.....
 Agony                    Necr           #####...     6%          5    ######.
 Foxfire                  Conj/Fire      #...         19%         1    None
 Searing Ray              Conj           #.....       19%         2    ##.....
 Apportation              Tloc           #.....       28%         1    None
 Beastly Appendage        Tmut           #.....       28%         1    None
 Corona                   Hex            #......      28%         1    None
 Sandblast                Erth           #.....       28%         1    None
 Sting                    Tmut/Pois      #...         28%         1    None
 Summon Small Mammal      Summ           #...         28%         1    None
 Death Channel            Necr           #####.....   32%         6    #######
 Blink                    Tloc           N/A          41%         2    ##.....
 Call Imp                 Summ           #.......     41%         2    ##.....
 Ensorcelled Hibernation  Hex/Ice        #.....       41%         2    ##.....
 Passwall                 Tmut/Erth      #.......     41%         2    ##.....
 Poisonous Vapours        Pois/Air       #.....       41%         2    ##.....
 Shroud of Golubria       Chrm/Tloc      #.....       41%         2    ##.....
 Slow                     Hex            #.......     41%         2    ##.....
 Sticks to Snakes         Tmut           #.......     41%         2    ##.....
 Conjure Flame            Conj/Fire      #.......     50%         3    ###....
 Dazzling Flash           Conj/Hex       #.....       50%         3    ###....
 Stone Arrow              Conj/Erth      #.....       50%         3    ###....
 Mephitic Cloud           Conj/Pois/Air  #.......     56%         3    ###....
 Borgnjor's Vile Clutch   Necr/Erth      ###.......   56%         5    ######.
 Excruciating Wounds      Chrm/Necr      ###.......   56%         5    ######.
 Confusing Touch          Hex            #.......     65%         3    ###....
 Gell's Gravitas          Tloc           #.........   65%         3    ###....
 Ignite Poison            Fire/Tmut/Pois #.......     65%         3    ###....
 Inner Flame              Hex/Fire       #.......     65%         3    ###....
 Lesser Beckoning         Tloc           #.........   65%         3    ###....
 Portal Projectile        Hex/Tloc       #.....       65%         3    ###....
 Recall                   Summ/Tloc      N/A          65%         3    ###....
 Spider Form              Tmut/Pois      #.........   65%         3    ###....
 Summon Guardian Golem    Hex/Summ       #.......     65%         3    ###....
 Teleport Other           Tloc           #.......     65%         3    ###....
 Tukima's Dance           Hex            #.......     65%         3    ###....
 Fulminant Prism          Conj/Hex       #.........   88%         4    ####...
 Iskenderun's Mystic Bla  Conj/Tloc      #.......     88%         4    ####...
 Sticky Flame             Conj/Fire      #.......     88%         4    ####...
 Cause Fear               Hex            #.........   96%         4    ####...
 Ice Form                 Ice/Tmut       #.......     96%         4    ####...
 Leda's Liquefaction      Hex/Erth       #.........   96%         4    ####...
 Olgreb's Toxic Radiance  Pois           #.......     96%         4    ####...
 Petrify                  Tmut/Erth      #.......     96%         4    ####...
 Summon Lightning Spire   Summ/Air       #.......     96%         4    ####...
 Simulacrum               Ice/Necr       ###.......   98%         6    #######
 Bolt of Magma            Conj/Fire/Erth #.........   99%         5    ######.
 Fireball                 Conj/Fire      #.........   99%         5    ######.
 Irradiate                Conj/Tmut      #.........   99%         5    ######.
 Iskenderun's Battlesphe  Conj/Chrm      #.......     99%         5    ######.
 Lightning Bolt           Conj/Air       #.........   99%         5    ######.
 Blade Hands              Tmut           #.........   100%        5    ######.
 Lee's Rapid Deconstruct  Erth           #.........   100%        5    ######.
 Metabolic Englaciation   Hex/Ice        #.........   100%        5    ######.
 Silence                  Hex/Air        #.........   100%        5    ######.
 Conjure Ball Lightning   Conj/Air       #.........   100%        6    #######
 Darkness                 Hex            #.........   100%        6    #######
 Freezing Cloud           Conj/Ice/Air   #.........   100%        6    #######
 Iron Shot                Conj/Erth      #.........   100%        6    #######
 Shadow Creatures         Summ           N/A          100%        6    #######
 Starburst                Conj/Fire      #.........   100%        6    #######
 Statue Form              Tmut/Erth      #........    100%        6    #######
 Malign Gateway           Summ/Tloc      #.........   100%        7    #######
 Orb of Destruction       Conj           #.........   100%        7    #######
 Ring of Flames           Chrm/Fire      #.........   100%        7    #######
 Spellforged Servitor     Conj/Summ      #.........   100%        7    #######
 Summon Hydra             Summ           #.........   100%        7    #######
 Chain Lightning          Conj/Air       #.........   100%        8    #######
 Ignition                 Fire           #.........   100%        8    #######
 Lehudib's Crystal Spear  Conj/Erth      #.........   100%        8    #######
 Necromutation            Tmut/Necr      ###.......   100%        8    #######
 Absolute Zero            Ice            #.........   100%        9    #######
 Fire Storm               Conj/Fire      #.........   100%        9    #######
 Shatter                  Erth           #.........   100%        9    #######
 Tornado                  Air            #.........   100%        9    #######
 Passage of Golubria      Tloc           Unusable     N/A         4    N/A

Dungeon Overview and Level Annotations

Branches:
Dungeon (15/15)            Temple (1/1) D:4            Lair (5/6) D:8
  Swamp (4/4) Lair:2        Snake (4/4) Lair:4        Slime (0/5) Lair:5
    Orc (2/2) D:12            Elf (3/3) Orc:2        Vaults (5/5) D:13
  Crypt (3/3) Vaults:2       Tomb (0/3) Crypt:3      Depths (5/5) D:15
    Zot (5/5) Depths:5     Bailey (visited)           IceCv (visited)
Volcano (visited)         Gauntlet (visited)

Altars:
Ashenzari
Cheibriados
Dithmenos
Elyvilon
Fedhas
Gozag
Hepliaklqana
Kikubaaqudgha
Makhleb
Nemelex Xobeh
Okawaru
Qazlal
Ru
Sif Muna
Trog
Uskayaw
Vehumet
Wu Jian
Xom
Yredelemnul
Zin
The Shining One
Beogh

Shops:
D:6 **   D:7 *   D:9 *   D:13 *   D:14 *   D:15 ?   Orc:2 *[(=   Elf:2 (
Elf:3 (   Snake:2 %   Depths:3 *   Depths:4 %![*

Portals:
Hell: Depths:1 Depths:2 Depths:3 Depths:4 Depths:5
Abyss: D:15 Orc:1 Depths:2 Depths:4
Pandemonium: Depths:1 Depths:2 Depths:3
Ziggurat: Depths:1

Annotations:
D:5 exclusion: upstairs
Crypt:1 2 transporters, exclusion: orange crystal statue, Sojobo
Zot:3 4 transporters


Innate Abilities, Weirdness & Mutations

You have very sharp teeth.
Your flesh is cold resistant. (rC+)
Your body sometimes deteriorates upon taking damage.
You are robust. (+10% HP)
You expend magic power (3 MP) to strengthen your wands.


Message History

There is a stone staircase leading up here.
You climb upwards.
There is a stone staircase leading down here.
Evoke which item? (* to show all) (? for menu, Esc to quit)
Aiming: Dig
Press: ? - help, Shift-Dir - straight line A rock wall.
This square is covered in magical glow.
You feel a surge of power!
The rock shatters into small pieces.
Evoke which item? (* to show all) (? for menu, Esc to quit)
Aiming: Dig
Press: ? - help, Shift-Dir - straight line A rock wall.
This square is covered in magical glow.
You feel a surge of power!
The rock shatters into small pieces.
You enter the shallow water.
Moving in this stuff is going to be slow.
There is a staircase leading out of the dungeon here.
Unknown command.
You have escaped!

#....# #.####.####### #..#.#
#.# #.# # ######.###### #.# #
#≈≈≈≈♣.♣≈≈≈≈###.# #
#≈...♣.♣...≈#...# #
#≈.♣.....P.≈##### #
####≈♣♣♣...PPP≈# #
#..#♣.♣.....P.♣######### #
#...≈....@....≈........###
####.##♣.......P.♣#####....†.
#....##≈......PPP≈#).......##
#.#####≈.......P.≈########.#
#.# #≈≈≈≈♣≈♣≈≈≈≈# #.# #.#
#######.#.#### #.# #.# #..#
#.#.##.### #.# #.# #..#
#........# #.# #.# #..#
###.####.# #.#


There were no monsters in sight!

Vanquished Creatures
  7 orbs of fire
  6 ancient liches
  Mara (Vaults:3)
  2 pandemonium lords
  2 juggernauts
  Bai Suzhen (Crypt:1)
  Boris (twice) (Depths:5)
  4 Killer Klowns (Zot:5)
  Xtahua (Vaults:3)
  Frederick (Crypt:1)
  3 caustic shrikes (Depths:5)
  Margery (Crypt:3)
  A curse toe (Zot:4)
  Jory (Crypt:3)
  8 golden dragons
  3 electric golems
  A profane servitor (Abyss:3)
  3 bone dragons
  9 liches
  Rupert (D:12)
  A shard shrike skeleton (Crypt:1)
  21 tentacled monstrosities
  25 Orb Guardians (Zot:5)
  Asterion (Snake:4)
  5 titans
  8 quicksilver dragons
  2 deep elf master archers (Elf:3)
  5 ancient champions
  2 deep elf blademasters
  5 tentacled starspawn
  8 death cobs
  2 Executioners
  A thorn hunter (Swamp:4)
  12 storm dragons
  12 shadow dragons
  9 sphinxes
  Donald (Swamp:2)
  6 tengu reavers
  The ghost of krpopo the Hoplite, an adept MiFi of Okawaru (Swamp:4)
  Roxanne (Swamp:4)
  5 draconian monks
  A sphinx (shapeshifter) (Depths:2)
  3 revenants
  The ghost of Yamstis the Nimble, an adept GnMo of Makhleb (D:15)
  12 nagarajas
  7 draconian knights
  9 fire giants
  2 daevas
  6 draconian scorchers
  The ghost of tkbsonic5 the Protected, an adept HaBe of Trog (D:13)
  10 vault wardens
  10 deep elf sorcerers
  An emperor scorpion (shapeshifter) (Vaults:5)
  Aizul (Snake:4)
  11 frost giants
  2 orc warlords
  A warmonger (Depths:2)
  2 ghost moths
  19 ghouls
  A balrug (Zot:5)
  7 draconian shifters
  3 deep elf elementalists (Elf:3)
  3 draconian stormcallers
  20 ironheart preservers
  2 curse skulls (Crypt:1)
  2 reapers
  An angel (Depths:1)
  8 spriggan defenders
  6 draconian annihilators
  4 war gargoyles
  38 very ugly things
  The ghost of blexxed the Severer, a journeyman DsFi of Okawaru (Orc:1)
  9 green draconians
  2 entropy weavers
  10 vampire knights
  6 deep elf demonologists
  17 stone giants
  A spark wasp (shapeshifter) (Vaults:5)
  19 yellow draconians
  12 black draconians
  Nessos (D:13)
  8 purple draconians
  8 white draconians
  A minotaur (Gauntlet)
  10 red draconians
  6 spark wasps
  7 deep elf annihilators
  17 ettins
  A green death (Zot:5)
  6 eidola
  8 fire dragons
  5 jiangshi
  20 yaktaur captains
  12 deep elf death magi
  15 ogre magi
  A hydra (shapeshifter) (Vaults:5)
  A quicksilver dragon skeleton (Crypt:3)
  10 great orbs of eyes
  2 hell beasts
  7 deep elf high priests
  19 hydras
  6 spriggan air magi
  7 ice dragons
  37 vault guards
  4 rakshasas
  2 ghost crabs
  12 naga warriors
  3 shambling mangroves
  15 centaur warriors
  14 alligators
  A catoblepas (shapeshifter) (Depths:3)
  6 deep troll shamans
  6 death yaks (Gauntlet)
  An alligator (shapeshifter) (Depths:2)
  48 two-headed ogres
  27 dancing weapons
  4 death knights
  20 anacondas
  5 tengu warriors
  11 deep troll earth magi
  11 vampire magi
  2 orc high priests
  A hell hog (Orc:1)
  9 spriggan berserkers
  8 naga sharpshooters
  12 shock serpents
  Sonja (Lair:5)
  6 thrashing horrors
  2 wretched stars
  A sun demon (Zot:5)
  A soul eater (Gauntlet)
  24 deep elf knights
  15 hell knights
  A titan skeleton (Crypt:3)
  8 unseen horrors
  A sixfirhy (Abyss:3)
  14 skeletal warriors
  11 iron trolls
  2 salamander mystics
  54 slime creatures
  A spatial maelstrom (Abyss:4)
  3 shadow wraiths
  24 deep trolls
  15 wizards
  4 sea snakes (Snake:4)
  A torturous demonspawn (Depths:2)
  A golden dragon zombie (Crypt:1)
  10 flayed ghosts
  7 glowing orange brains
  A quicksilver dragon simulacrum (Abyss:4)
  8 swamp dragons
  21 ironbrand convokers
  6 spriggan druids
  4 naga ritualists
  3 starcursed masses (Abyss:3)
  19 deep elf archers
  A sphinx zombie (Crypt:2)
  A shadow dragon zombie (Crypt:2)
  6 phantasmal warriors
  20 orc knights
  A harpy (shapeshifter) (D:15)
  12 necromancers
  A mana viper (shapeshifter) (D:15)
  9 mana vipers
  7 orc sorcerers
  4 wolf spiders
  6 cyclopes
  42 ugly things
  A manticore (D:13)
  12 salamanders
  64 deep elf magi
  A fire giant skeleton (Crypt:2)
  2 cyclopes (shapeshifter)
  34 moths of wrath
  5 toenail golems (Volcano)
  13 vault sentinels
  2 worldbinders
  30 black mambas
  A rust devil (Depths:2)
  A torpor snail (Gauntlet)
  2 centaur zombies (D:15)
  A frost giant skeleton (Crypt:2)
  Psyche (D:8)
  10 guardian serpents
  17 naga magi
  An elephant slug zombie (Crypt:1)
  3 elephants (Lair:4)
  2 guardian serpents (shapeshifter)
  6 ice statues
  2 gargoyles
  3 smoke demons
  12 spiny frogs
  A spiny frog (shapeshifter) (Vaults:1)
  2 kobold demonologists (D:15)
  2 sea snake zombies (Crypt:3)
  An orange demon (D:12)
  47 yaktaurs
  2 efreet
  A grey draconian zombie (Crypt:2)
  A demonic crawler (Abyss:4)
  2 rime drakes (Gauntlet)
  4 komodo dragons
  A yellow draconian zombie (Crypt:3)
  A redback zombie (Crypt:3)
  An elf (Depths:4)
  A red devil (Zot:5)
  A catoblepas skeleton (Crypt:3)
  18 freezing wraiths
  The ghost of Orenthal the Chopper, an amateur TrFi of Trog (D:6)
  4 guardian mummies (Crypt:3)
  A hellwing (Zot:5)
  7 polar bears
  4 tengu conjurers
  An anaconda simulacrum (IceCv)
  An ancient zyme (Abyss:4)
  2 tormentors
  12 tyrant leeches
  2 trolls (shapeshifter)
  A polar bear (shapeshifter) (Depths:5)
  A merfolk (shapeshifter) (Vaults:5)
  A sphinx simulacrum (Vaults:2)
  A blink frog (shapeshifter) (Elf:3)
  10 trolls
  An ice dragon zombie (Crypt:3)
  24 hornets
  5 raiju
  A fire dragon zombie (Crypt:2)
  7 blink frogs
  2 human simulacra (Vaults:3)
  A harpy skeleton (Crypt:1)
  16 large abominations
  13 bog bodies
  A stone giant simulacrum (Vaults:2)
  9 hippogriffs
  3 air elementals
  8 flying skulls
  32 spriggans
  Sigmund (D:6)
  3 water elementals
  A ynoxinul (Abyss:3)
  A fire dragon skeleton (Crypt:2)
  3 spriggans (shapeshifter)
  12 wraiths
  5 shadows
  2 redbacks (Vaults:3)
  2 dire elephant simulacra (IceCv)
  36 yaks
  5 wyverns
  A basilisk (D:14)
  A fire elemental (Elf:2)
  2 humans (Depths:4)
  A chaos spawn (Depths:4)
  2 neqoxecs
  A basilisk (shapeshifter) (D:13)
  A hungry ghost (D:10)
  6 spatial vortices (Abyss:4)
  14 vampire mosquitoes
  A steam dragon (Gauntlet)
  11 swamp worms
  6 insubstantial wisps (Swamp:2)
  A torturous demonspawn zombie (Crypt:1)
  9 wargs
  A harpy simulacrum (IceCv)
  4 acid dragons
  A two-headed ogre zombie (Crypt:2)
  52 nagas
  A water nymph skeleton (Crypt:2)
  A soldier ant (D:15)
  4 hydra simulacra (IceCv)
  2 hell hounds (Abyss:3)
  A spiny frog zombie (Crypt:2)
  7 water moccasins
  4 porcupines
  63 orc warriors
  A monstrous demonspawn skeleton (Crypt:3)
  2 floating eyes
  3 black bears
  9 ice beasts
  A faun skeleton (Crypt:3)
  3 sky beasts
  9 swamp drakes
  5 phantoms
  2 ettin simulacra
  7 necrophages
  37 ogres
  25 wolves
  8 crocodiles
  22 centaurs
  A blink frog skeleton (Crypt:3)
  7 boggarts
  2 elephant skeletons (Crypt:1)
  An elf simulacrum (Vaults:1)
  8 big kobolds
  A hog skeleton (Crypt:1)
  5 earth elementals
  7 small abominations
  12 bullfrogs
  A komodo dragon skeleton (Crypt:1)
  6 scorpions
  24 wights
  5 howler monkeys
  6 electric eels
  11 crimson imps
  2 bullfrog zombies
  8 hounds
  A quasit (D:12)
  2 centaur skeletons
  26 orc priests
  A basilisk skeleton (Crypt:2)
  A bullfrog skeleton (D:12)
  3 iguanas
  An iron imp (Abyss:4)
  6 jellies
  34 orc wizards
  18 worker ants
  An acid dragon zombie (Crypt:1)
  2 spectral hounds (Depths:4)
  A hound skeleton (D:4)
  A worker ant zombie (D:11)
  A howler monkey skeleton (D:6)
  23 adders
  11 gnolls
  4 shadow imps
  A white imp (Vaults:1)
  5 oozes (D:12)
  3 adder skeletons
  A worm (shapeshifter) (Vaults:1)
  2 worms
  3 dart slugs
  6 leopard geckos
  124 orcs
  An orc (shapeshifter) (Vaults:5)
  10 bats
  A bat skeleton (Crypt:3)
  8 giant cockroaches
  10 hobgoblins
  10 jackals
  55 kobolds
  4 quokkas
  5 frilled lizards
  A gnoll zombie (Crypt:3)
  11 goblins
  A quokka skeleton (D:8)
  4 rats
  9 crawling corpses
  3 fungi
  A lurking horror (D:15)
  19 plants
  3 starspawn tentacles (Abyss:3)
2710 creatures vanquished.

Vanquished Creatures (collateral kills)
  An ancient lich (Vaults:5)
  A tentacled monstrosity (Zot:5)
  A sphinx (Depths:5)
  A fire giant (Depths:4)
  A nagaraja (Snake:4)
  2 frost giants
  An orc warlord (Depths:4)
  A spriggan defender (Depths:5)
  A very ugly thing (Depths:1)
  An ironheart preserver (Vaults:5)
  A war gargoyle (Vaults:5)
  A deep elf annihilator (Vaults:5)
  A yaktaur captain (Vaults:5)
  An ogre mage (Depths:1)
  Erolcha (Orc:2)
  A spriggan air mage (Depths:5)
  A rakshasa (Depths:3)
  4 anacondas
  A shambling mangrove (Swamp:1)
  An alligator (Swamp:1)
  A two-headed ogre (Vaults:2)
  Urug (Lair:4)
  2 naga sharpshooters
  Nergalle (Lair:4)
  2 shock serpents (Snake:4)
  A salamander mystic (Snake:2)
  2 sea snakes (Snake:4)
  An iron troll (Depths:4)
  A deep troll (shapeshifter) (Vaults:5)
  3 naga ritualists
  An ugly thing (Depths:1)
  4 mana vipers
  3 deep elf magi
  A salamander (Depths:2)
  A cyclops (Orc:2)
  A wolf spider (Vaults:2)
  A naga mage (Snake:4)
  4 guardian serpents (Snake:4)
  6 black mambas
  2 spiny frogs
  2 komodo dragons (Lair:4)
  3 hornets
  2 bog bodies (Swamp:3)
  2 hippogriffs
  3 yaks
  A water elemental (Elf:1)
  A wyvern (D:8)
  A human (Depths:4)
  A vampire mosquito (Swamp:1)
  A warg (Orc:1)
  A swamp worm (Swamp:3)
  3 nagas
  3 water moccasins
  6 orc warriors
  3 porcupines
  2 black bears (D:10)
  A centaur (D:13)
  2 wolves
  4 bullfrogs
  A wight (D:13)
  An electric eel (Snake:4)
  A quasit (D:8)
  3 orc wizards
  2 hounds (Lair:2)
  An adder (D:5)
  A dart slug (D:2)
  17 orcs
  A giant cockroach (D:2)
  2 goblins
  A jackal (D:8)
  A quokka (D:8)
  A bat (D:3)
  A frilled lizard (D:2)
  2 kobolds
141 creatures vanquished.

Vanquished Creatures (others)
  A quicksilver dragon (Zot:3)
  A deep elf sorcerer (Elf:3)
  A spark wasp (Depths:4)
  A yaktaur captain (Vaults:5)
  An alligator (Swamp:4)
  A wizard (Depths:1)
  An ugly thing (Depths:1)
  A centaur (Depths:3)
  A bullfrog (Lair:5)
  A lava snake zombie (Crypt:3)
  An orc (Vaults:5)
  7 fungi (Lair:2)
  15 plants
  10 starspawn tentacles
  5 toadstools (D:1)
48 creatures vanquished.

Grand Total: 2899 creatures vanquished

Notes
Turn   | Place    | Note
-------+----------+-------------------------------------------
     0 | D:1      | DeepDeath the Hill Orc Necromancer began the quest for the
                  | Orb.
     0 | D:1      | Reached XP level 1. HP: 14/14 MP: 3/3
     2 | D:1      | Learned a level 1 spell: Animate Skeleton
   240 | D:1      | Reached XP level 2. HP: 9/22 MP: 1/4
   499 | D:1      | You fall into a shaft and drop 1 floor!
   515 | D:2      | Reached skill level 1 in Fighting
   526 | D:2      | Reached skill level 1 in Maces & Flails
   625 | D:2      | Found a faded altar of an unknown god.
  1256 | D:1      | Reached XP level 3. HP: 11/28 MP: 0/5
  3035 | D:2      | Noticed an ogre
  3157 | D:2      | Reached XP level 4. HP: 21/35 MP: 0/7
  4887 | D:3      | Noticed an ogre
  5091 | D:3      | Reached XP level 5. HP: 29/40 MP: 8/8
  5675 | D:4      | Reached skill level 1 in Evocations
  5689 | D:4      | Reached skill level 5 in Maces & Flails
  6023 | D:4      | Reached skill level 1 in Armour
  6023 | D:4      | Reached XP level 6. HP: 35/47 MP: 2/9
  6157 | D:4      | Found a staircase to the Ecumenical Temple.
  6510 | D:4      | Reached skill level 1 in Axes
  7548 | D:5      | Entered Level 5 of the Dungeon
  7654 | D:5      | Reached XP level 7. HP: 34/52 MP: 10/10
  8640 | D:5      | Reached skill level 5 in Axes
  9294 | Temple   | Entered the Ecumenical Temple
  9420 | Temple   | Became a worshipper of Warmaster Okawaru
 10746 | D:6      | Found a hazy altar of Hepliaklqana.
 10760 | D:6      | Found Qoic Noasch's Assorted Antiques.
 10892 | D:6      | Bought a scroll labeled NILOCL INIUN for 31 gold pieces
 10892 | D:6      | Bought a scratched jade ring for 155 gold pieces
 11401 | D:6      | Noticed Sigmund
 11526 | D:6      | Reached XP level 8. HP: 56/59 MP: 6/11
 12060 | D:6      | Found Wegaam's Serpentskin Sales.
 12071 | D:6      | Reached skill level 5 in Necromancy
 12090 | D:6      | Bought 3 curare-tipped darts for 21 gold pieces
 12090 | D:6      | Bought 4 curare-tipped darts for 28 gold pieces
 12362 | D:6      | Killed Sigmund
 12362 | D:6      | Reached * piety under Okawaru
 12362 | D:6      | Reached skill level 1 in Throwing
 12363 | D:6      | Found a runed translucent gate.
 12393 | D:6      | Found a runed translucent gate.
 12395 | D:6      | Found a runed translucent gate.
 12397 | D:6      | Noticed Orenthal's ghost (amateur TrFi)
 12398 | D:6      | Identified the cursed +1 chain mail "Quyd Yva" {Int+2}
 12400 | D:6      | Found a roughly hewn altar of Beogh.
 12860 | D:3      | Learned a level 3 spell: Vampiric Draining
 13221 | D:5      | Reached skill level 1 in Invocations
 13446 | D:7      | Reached XP level 9. HP: 46/68 MP: 12/12
 13504 | D:7      | Found a flagged portal.
 13606 | Bailey   | Entered a bailey
 13773 | Bailey   | Learned a level 1 spell: Magic Dart
 13782 | Bailey   | Noticed an orc knight
 13826 | Bailey   | Killed an orc knight
 13826 | Bailey   | Reached ** piety under Okawaru
 14348 | Bailey   | Found a burning altar of Makhleb.
 14534 | D:7      | Reached *** piety under Okawaru
 15190 | D:7      | Found Anoidufo's General Store.
 15240 | D:7      | Got a crude rapier
 15863 | D:6      | Reached XP level 10. HP: 38/77 MP: 11/13
 16084 | D:6      | Bought a shiny emerald ring for 155 gold pieces
 16111 | D:6      | Bought an uncursed ring of poison resistance for 240 gold
                  | pieces
 16138 | D:6      | Bought a curved fluorescent wand for 124 gold pieces
 17133 | D:8      | Noticed a two-headed ogre
 17150 | D:8      | Killed a two-headed ogre
 17188 | D:8      | Noticed Psyche
 17195 | D:8      | Killed Psyche
 17299 | D:8      | Reached **** piety under Okawaru
 17425 | D:8      | Reached skill level 5 in Throwing
 17768 | D:8      | Found a staircase to the Lair.
 17786 | D:8      | Received a gift from Okawaru
 17965 | D:8      | Reached skill level 1 in Conjurations
 18218 | D:6      | Bought a scroll of magic mapping for 108 gold pieces
 18307 | D:9      | Received a gift from Okawaru
 18608 | D:9      | Found Jusaekhlo's Assorted Antiques.
 18679 | D:9      | Reached skill level 5 in Invocations
 18679 | D:9      | Reached XP level 11. HP: 8/84 MP: 14/14
 19424 | D:9      | Found a hide-covered altar of Uskayaw.
 19567 | Lair:1   | Entered Level 1 of the Lair of Beasts
 19605 | Lair:1   | Received a gift from Okawaru
 20024 | Lair:1   | Noticed a four-headed hydra
 20038 | Lair:1   | Killed a four-headed hydra
 20038 | Lair:1   | Reached ***** piety under Okawaru
 20038 | Lair:1   | Reached skill level 5 in Fighting
 20541 | Lair:1   | Reached skill level 15 in Axes
 21433 | Lair:1   | Learned a level 4 spell: Animate Dead
 21985 | Lair:2   | Received a gift from Okawaru
 22131 | Lair:2   | Got a distressingly furry chain mail {god gift}
 22138 | Lair:2   | Identified the +7 chain mail "Sille" {rPois Regen+}
                  | (Okawaru gifted it to you on level 2 of the Lair of Beasts)
 22673 | Lair:2   | Found a staircase to the Swamp.
 22806 | Lair:2   | Reached skill level 5 in Armour
 23165 | Lair:2   | Reached XP level 12. HP: 90/96 MP: 17/17
 23828 | Lair:3   | Found a dark tunnel.
 23849 | Volcano  | Entered a volcano
 23985 | Volcano  | Reached skill level 10 in Armour
 24115 | Volcano  | Received a gift from Okawaru
 24728 | D:7      | Bought the +0 buckler of Lethargy {rC+ Dex+3 Stlth+} for
                  | 386 gold pieces
 25111 | Lair:3   | Received a gift from Okawaru
 25176 | Lair:3   | Reached skill level 1 in Shields
 25523 | Lair:4   | Noticed Urug
 25543 | Lair:4   | Killed Urug
 25792 | Lair:4   | Noticed Nergalle
 25800 | Lair:4   | Reached XP level 13. HP: 102/102 MP: 18/18
 25807 | Lair:4   | Received a gift from Okawaru
 25877 | Lair:4   | Killed Nergalle
 26066 | Lair:4   | Found a staircase to the Snake Pit.
 26096 | Lair:4   | Received a gift from Okawaru
 26383 | Lair:4   | Received a gift from Okawaru
 26642 | Lair:5   | Noticed Sonja
 26664 | Lair:5   | Killed Sonja
 26667 | Lair:5   | Reached skill level 5 in Shields
 26700 | Lair:5   | Received a gift from Okawaru
 26760 | Lair:5   | Found a gate leading to a gauntlet.
 26843 | Gauntlet | Entered a Gauntlet
 26843 | Gauntlet | Found a transporter.
 26852 | Gauntlet | Found a transporter.
 26853 | Gauntlet | Found a transporter.
 26858 | Gauntlet | Found a transporter.
 26868 | Gauntlet | Found a transporter.
 26869 | Gauntlet | Found a transporter.
 26875 | Gauntlet | Found a transporter.
 26881 | Gauntlet | Found a transporter.
 26885 | Gauntlet | Found a transporter.
 26890 | Gauntlet | Found a transporter.
 26891 | Gauntlet | Noticed a great orb of eyes
 26897 | Gauntlet | Found a transporter.
 26901 | Gauntlet | Found a transporter.
 26906 | Gauntlet | Found a transporter.
 26914 | Gauntlet | Found a transporter.
 27132 | Gauntlet | Killed a great orb of eyes
 27145 | Gauntlet | Got a wavering turquoise ring
 27149 | Gauntlet | Identified the ring of Nezuet {Fire rN+} (You found it in a
                  | Gauntlet)
 27304 | Gauntlet | Noticed a minotaur
 27331 | Gauntlet | Killed a minotaur
 27331 | Gauntlet | Received a gift from Okawaru
 27334 | Gauntlet | Got a transparent broad axe {god gift}
 27361 | Gauntlet | Identified the +1 broad axe "Weinonull" {flame, MR- Str+2
                  | Stlth+} (Okawaru gifted it to you in a Gauntlet)
 27558 | Lair:5   | Found a staircase to the Slime Pits.
 28067 | D:10     | Entered Level 10 of the Dungeon
 28243 | D:10     | Reached XP level 14. HP: 110/113 MP: 20/20
 29404 | D:12     | Noticed Rupert
 29439 | D:12     | Killed Rupert
 29883 | D:12     | Found a staircase to the Orcish Mines.
 30355 | D:12     | Received a gift from Okawaru
 30358 | D:12     | Got a pair of encrusted gloves {god gift}
 30370 | D:12     | Identified the +1 pair of gloves "Ikkiraga" {rElec rF+ rC+}
                  | (Okawaru gifted it to you on level 12 of the Dungeon)
 30687 | Orc:1    | Entered Level 1 of the Orcish Mines
 30720 | Orc:1    | Found a bloodstained altar of Trog.
 30842 | Orc:1    | Reached skill level 10 in Invocations
 30962 | Orc:1    | Noticed blexxed's ghost (journeyman DsFi)
 31004 | Orc:1    | Identified the +10 dire flail "Arbiter" {distort, rC+ MR++
                  | Dex+4 SInv}
 31114 | Orc:1    | Found a transporter.
 31134 | Orc:1    | Found a transporter.
 31336 | Orc:1    | Found a one-way gate to the infinite horrors of the Abyss.
 31406 | Orc:2    | Entered Level 2 of the Orcish Mines
 31406 | Orc:2    | Noticed Erolcha
 31597 | Orc:2    | Found a roughly hewn altar of Beogh.
 31642 | Orc:2    | Paralysed by an orc sorcerer for 2 turns
 31659 | Orc:2    | Killed Erolcha
 31744 | Orc:2    | Found a roughly hewn altar of Beogh.
 31745 | Orc:2    | Found Xizaixuv's General Store.
 31781 | Orc:2    | Bought a scroll of identify for 28 gold pieces
 31901 | Orc:2    | Found a roughly hewn altar of Beogh.
 31920 | Orc:2    | Found a roughly hewn altar of Beogh.
 31921 | Orc:2    | Found Giumul's Jewellery Shoppe.
 31982 | Orc:2    | Found a roughly hewn altar of Beogh.
 32075 | Orc:2    | Found a staircase to the Elven Halls.
 32129 | Orc:2    | Found a roughly hewn altar of Beogh.
 32313 | Orc:2    | Found a roughly hewn altar of Beogh.
 32624 | Orc:2    | Noticed an orc warlord
 32672 | Orc:2    | Killed an orc warlord
 32770 | Orc:2    | Found Fiwarur's Antique Weapon Boutique.
 32771 | Orc:2    | Found a roughly hewn altar of Beogh.
 32775 | Orc:2    | Found Boesota's Antique Armour Shop.
 32822 | Orc:2    | Bought a runed broad axe for 238 gold pieces
 32822 | Orc:2    | Bought a smoking war axe for 289 gold pieces
 32824 | Orc:2    | Identified the +6 war axe "Korouc" {protect, rF+} (You
                  | bought it in a shop on level 2 of the Orcish Mines)
 32830 | Orc:2    | Bought a steaming helmet for 247 gold pieces
 32830 | Orc:2    | Bought a fine chain mail for 247 gold pieces
 33044 | Lair:2   | Identified the +0 helmet "Kewal" {+Blink rF+ Str+2} (You
                  | bought it in a shop on level 2 of the Orcish Mines)
 33092 | Lair:2   | Identified the +6 chain mail "Izodwit" {rC+} (You bought it
                  | in a shop on level 2 of the Orcish Mines)
 33260 | D:13     | Noticed Nessos
 33278 | D:13     | Found a runed translucent gate.
 33280 | D:13     | Found a runed translucent gate.
 33282 | D:13     | Killed Nessos
 33331 | D:13     | Found an opulent altar of Gozag.
 33332 | D:13     | Found a runed translucent gate.
 33405 | D:13     | Reached XP level 15. HP: 54/126 MP: 14/22
 33420 | D:13     | Received a gift from Okawaru
 33564 | D:13     | Found a gate to the Vaults.
 33582 | D:13     | Reached skill level 10 in Fighting
 33593 | D:13     | Reached skill level 15 in Armour
 33838 | D:13     | Received a gift from Okawaru
 33896 | D:13     | Noticed tkbsonic5's ghost (adept HaBe)
 33897 | D:13     | Noticed a sphinx
 33898 | D:13     | Found Isusid's Assorted Antiques.
 34173 | D:14     | Found Biregg's General Store.
 34188 | D:14     | Bought a scroll of identify for 32 gold pieces
 34188 | D:14     | Bought a scroll of magic mapping for 56 gold pieces
 34287 | D:14     | Reached ****** piety under Okawaru
 34348 | D:14     | Received a gift from Okawaru
 34734 | D:14     | Found a sacrificial altar of Ru.
 34924 | D:15     | Entered Level 15 of the Dungeon
 34924 | D:15     | Found Taogem's Magic Scroll Emporium.
 35031 | D:15     | Bought a scroll of identify for 28 gold pieces
 35322 | D:15     | Noticed Yamstis's ghost (adept GnMo)
 35383 | D:15     | Identified the +10 long sword "Trog's Wrath" {distort,
                  | rPois MR++ Str-3 SInv}
 35392 | D:15     | Noticed a tentacled starspawn
 35399 | D:15     | Found a transporter.
 35443 | D:15     | Found a staircase to the Depths.
 35443 | D:15     | Noticed a fire giant
 35481 | D:15     | Killed a fire giant
 35481 | D:15     | Received a gift from Okawaru
 35486 | D:15     | Identified the -2 pair of boots "Biety" {*Corrode +Blink
                  | rF++ Stlth+} (Okawaru gifted it to you on level 15 of the
                  | Dungeon)
 35600 | D:15     | Noticed an Executioner
 35815 | D:15     | Found a transporter.
 36196 | Lair:2   | Identified the cursed +0 rapier "Xomonod" {holy, *Slow
                  | rC+++ Str+2 Dex-2} (You found it on level 7 of the Dungeon)
 36231 | Swamp:1  | Entered Level 1 of the Swamp
 36574 | Swamp:1  | Reached XP level 16. HP: 127/140 MP: 25/25
 36914 | Swamp:1  | Reached skill level 5 in Evocations
 37412 | Swamp:2  | Reached skill level 5 in Dodging
 37644 | Swamp:2  | Noticed Donald
 37713 | Swamp:2  | Killed Donald
 37713 | Swamp:2  | Received a gift from Okawaru
 37717 | Swamp:2  | Got a transparent buckler {god gift}
 37718 | Swamp:2  | Identified the +0 buckler of Inviolability {rC+ Int+3
                  | Slay-3 Stlth+} (Okawaru gifted it to you on level 2 of the
                  | Swamp)
 39416 | Swamp:4  | Entered Level 4 of the Swamp
 39428 | Swamp:4  | Found a frozen archway.
 39506 | Swamp:4  | Received a gift from Okawaru
 39565 | Swamp:4  | Noticed a thorn hunter
 39573 | IceCv    | Entered an ice cave
 40042 | IceCv    | Reached skill level 10 in Maces & Flails
 40066 | IceCv    | Reached XP level 17. HP: 135/152 MP: 24/26
 40209 | Swamp:4  | Received a gift from Okawaru
 40810 | Swamp:4  | Noticed Roxanne
 40837 | Swamp:4  | Killed Roxanne
 41467 | Swamp:4  | Got a decaying rune of Zot
 41510 | Swamp:4  | Found a runed translucent door.
 41510 | Swamp:4  | Found a shimmering altar of Xom.
 41510 | Swamp:4  | Noticed krpopo's ghost (adept MiFi)
 41577 | Swamp:4  | Received a gift from Okawaru
 41883 | Snake:1  | Entered Level 1 of the Snake Pit
 42118 | Snake:1  | Found a stormy altar of Qazlal.
 42160 | Snake:1  | Received a gift from Okawaru
 42455 | Snake:1  | Reached skill level 15 in Fighting
 43003 | Snake:2  | Found Alemm's Food Shop.
 43020 | Snake:2  | Received a gift from Okawaru
 43212 | Snake:2  | Received a gift from Okawaru
 43216 | Snake:2  | Got bronze ice dragon scales {god gift}
 43217 | Snake:2  | Identified the +2 ice dragon scales of Amelioration {*Drain
                  | rPois rF- rC++ Str+6} (Okawaru gifted it to you on level 2
                  | of the Snake Pit)
 43405 | Snake:2  | Found a radiant altar of Vehumet.
 43521 | Snake:2  | Identified the ring "Roupiutu" {+Inv rF+ rC+ MR-} (You
                  | found it on level 2 of the Snake Pit)
 43522 | Snake:2  | Identified a scroll of acquirement
 43526 | Snake:2  | Acquired the +10 executioner's axe "Ofyimab" {flame, rPois
                  | Str+2 Int-2}
 44385 | Snake:3  | Reached XP level 18. HP: 166/166 MP: 27/27
 44601 | Snake:3  | HP: 7/166 [naga warrior/+0 halberd (20)]
 45135 | Snake:3  | Received a gift from Okawaru
 45462 | Snake:3  | Received a gift from Okawaru
 46283 | Snake:4  | Entered Level 4 of the Snake Pit
 46286 | Snake:4  | Noticed Aizul
 46302 | Snake:4  | Killed Aizul
 46452 | Snake:4  | Received a gift from Okawaru
 46594 | Snake:4  | Acquired the ring of the Tuna {rF+ rC+ MP+9}
 47382 | Snake:4  | Received a gift from Okawaru
 47519 | Snake:4  | Noticed Asterion
 47632 | Snake:4  | Reached skill level 10 in Dodging
 47674 | Snake:4  | Received a gift from Okawaru
 47861 | Snake:4  | Reached XP level 19. HP: 123/172 MP: 28/28
 47949 | Snake:4  | Killed Asterion
 48099 | Snake:4  | Got a serpentine rune of Zot
 48768 | D:6      | Killed Orenthal's ghost
 48916 | D:13     | Received a gift from Okawaru
 48923 | D:13     | Killed tkbsonic5's ghost
 48932 | D:13     | Got a faintly humming kite shield {god gift}
 49021 | D:15     | Bought a scroll of identify for 28 gold pieces
 49021 | D:15     | Bought a scroll of identify for 28 gold pieces
 49021 | D:15     | Identified the +0 kite shield of Old and Reckless {rF-
                  | rCorr Dex+2} (Okawaru gifted it to you on level 13 of the
                  | Dungeon)
 49191 | Orc:1    | Killed blexxed's ghost
 49533 | Swamp:4  | Cast into level 4 of the Abyss (krpopo's ghost)
 49547 | Abyss:4  | Found a corrupted altar of Lugonu.
 49747 | Swamp:4  | Escaped the Abyss
 49765 | Swamp:4  | Killed krpopo's ghost
 50058 | Vaults:1 | Entered Level 1 of the Vaults
 50847 | Vaults:1 | Received a gift from Okawaru
 51192 | Vaults:1 | Reached XP level 20. HP: 187/187 MP: 30/30
 51954 | Vaults:2 | You fall into a shaft and drop 1 floor!
 52137 | Vaults:3 | Noticed Xtahua
 52142 | Vaults:3 | Paralysed by Xtahua for 7 turns
 52155 | Vaults:3 | Killed Xtahua
 52155 | Vaults:3 | Received a gift from Okawaru
 52427 | Vaults:3 | Noticed Mara
 52536 | Vaults:3 | Noticed DeepDeath's illusion
 52837 | Vaults:3 | Received a gift from Okawaru
 52848 | Vaults:3 | Identified the +2 pair of boots of the Amoeba {Harm +Fly
                  | Int-4 SInv} (Okawaru gifted it to you on level 3 of the
                  | Vaults)
 53169 | Vaults:2 | Found a staircase to the Crypt.
 53487 | Vaults:2 | Reached XP level 21. HP: 166/199 MP: 31/31
 54173 | Vaults:2 | Received a gift from Okawaru
 54314 | Vaults:3 | Killed Mara
 54412 | Vaults:3 | Received a gift from Okawaru
 56274 | Vaults:4 | Received a gift from Okawaru
 56333 | Vaults:4 | Identified the Papyrus of Spatial Combat Magic
 56662 | Vaults:4 | Reached skill level 10 in Throwing
 57800 | Elf:1    | Entered Level 1 of the Elven Halls
 57879 | Elf:1    | Received a gift from Okawaru
 58089 | Elf:1    | Reached XP level 22. HP: 213/213 MP: 32/32
 58251 | Elf:1    | You fall into a shaft and drop 1 floor!
 58415 | Elf:2    | Received a gift from Okawaru
 58663 | Elf:2    | Found a runed translucent gate.
 58663 | Elf:2    | Found a runed translucent gate.
 58663 | Elf:2    | Found a runed translucent gate.
 58816 | Elf:2    | Received a gift from Okawaru
 58938 | Elf:1    | Identified the Tome of Summoning
 59041 | Elf:1    | Received a gift from Okawaru
 59675 | Elf:2    | Found Qiaxyzoud's Antique Weapon Emporium.
 59960 | Elf:3    | Entered Level 3 of the Elven Halls
 60315 | Elf:3    | Found Loletexi's Weapon Boutique.
 61788 | Elf:3    | Identified the +5 broad axe of Acavargh {freeze, +Fly
                  | rPois}
 61853 | Elf:3    | Identified the +1 pair of gloves "Nir Rem" {+Fly} (You
                  | found it on level 3 of the Elven Halls)
 61855 | Elf:3    | Identified the cursed -6 hat of Meshruy {rC+ rN+} (You
                  | found it on level 3 of the Elven Halls)
 61996 | Elf:3    | Got a smoking scale mail
 62029 | Elf:3    | Identified the cursed +1 scale mail of Qazlal's Reproof
                  | {Str+6 Int+4} (You found it on level 3 of the Elven Halls)
 62388 | D:15     | Killed Yamstis's ghost
 62388 | D:15     | Received a gift from Okawaru
 62396 | D:15     | Identified the +0 scale mail of the Endless Expanse {+Blink
                  | rPois rF+} (Okawaru gifted it to you on level 15 of the
                  | Dungeon)
 62507 | D:15     | Got a translucent lapis lazuli ring
 62527 | D:15     | Identified the ring "Geikkagroj" {rC- Dex+5 Stlth+} (You
                  | found it on level 15 of the Dungeon)
 62607 | Depths:1 | Entered Level 1 of the Depths
 62615 | Depths:1 | Reached XP level 23. HP: 226/226 MP: 33/33
 62691 | Depths:1 | Found a gateway to a ziggurat.
 62759 | Depths:1 | Found a gateway to Hell.
 64180 | Depths:1 | Found a one-way gate leading to the halls of Pandemonium.
 64752 | Crypt:1  | Entered Level 1 of the Crypt
 64789 | Crypt:1  | Noticed Frederick
 64813 | Crypt:1  | Killed Frederick
 64935 | Crypt:1  | Received a gift from Okawaru
 65265 | Crypt:1  | Noticed Bai Suzhen
 65278 | Crypt:1  | Killed Bai Suzhen
 65331 | Crypt:1  | Received a gift from Okawaru
 65368 | Crypt:1  | Noticed Sojobo
 65407 | Crypt:1  | Found a transporter.
 65421 | Crypt:1  | Found a transporter.
 65990 | Depths:2 | Reached skill level 1 in Staves
 66306 | Depths:2 | Reached XP level 24. HP: 226/242 MP: 33/33
 66557 | Depths:2 | Reached skill level 5 in Staves
 66763 | Depths:2 | Identified the cursed +0 quick blade of Pegrunim {drain,
                  | Dex+3}
 66796 | Depths:2 | Noticed a juggernaut
 66817 | Depths:2 | Killed a juggernaut
 66817 | Depths:2 | Received a gift from Okawaru
 67005 | Depths:2 | Got a pitted buckler
 67214 | Depths:3 | Cast into level 3 of the Abyss (hell knight)
 67646 | Abyss:3  | Found a corrupted altar of Lugonu.
 67691 | Abyss:3  | Received a gift from Okawaru
 67760 | Depths:3 | Escaped the Abyss
 67878 | Depths:3 | Identified the amulet of the Scarab {rElec rF- Regen+ MP+9
                  | Stlth+}
 67924 | Depths:3 | Received a gift from Okawaru
 68036 | Depths:3 | Paralysed by a sphinx for 4 turns
 68288 | Depths:3 | Reached XP level 25. HP: 171/255 MP: 30/33
 68413 | Depths:3 | Identified the ring "Fanag" {rPois rF+ rN+ MR+ MP-9}
 68418 | Depths:3 | Noticed a juggernaut
 68428 | Depths:3 | Killed a juggernaut
 68530 | Depths:3 | Found the +6 shillelagh "Devastator" {shatter}
 68830 | Depths:3 | Found Fabecal's Blood Bar.
 69002 | Depths:3 | Identified the +5 chain mail "Nyr Tetu" {rPois Str+2
                  | Stlth+} (You found it on level 3 of the Depths)
 69326 | Orc:2    | Bought masterwork pearl dragon scales for 2691 gold pieces
 69326 | Orc:2    | Identified the +10 pearl dragon scales "Pant" {+Blink rF+
                  | rN+ MR-} (You bought it in a shop on level 2 of the Orcish
                  | Mines)
 70098 | Crypt:2  | Received a gift from Okawaru
 71042 | Crypt:3  | Entered Level 3 of the Crypt
 71042 | Crypt:3  | Noticed Margery
 71091 | Crypt:3  | Reached skill level 27 in Fighting
 71100 | Crypt:3  | Noticed Jory
 71111 | Crypt:3  | Killed Jory
 71152 | Crypt:3  | Received a gift from Okawaru
 71189 | Crypt:3  | Killed Margery
 71245 | Crypt:3  | Received a gift from Okawaru
 71405 | Crypt:2  | Reached skill level 15 in Throwing
 71692 | Crypt:3  | Acquired the +0 hat of Atheism {MR+ Slay+2}
 71908 | Crypt:3  | Found a staircase to the Tomb.
 72096 | Crypt:3  | Identified the +8 mace of the Ghost {freeze, *Contam rN+
                  | MR+ Str+9} (You found it on level 3 of the Crypt)
 72451 | Crypt:3  | Noticed an ancient lich
 72467 | Crypt:3  | Killed an ancient lich
 72486 | Crypt:3  | Reached XP level 26. HP: 266/266 MP: 33/33
 72548 | Crypt:3  | Identified the Reference Book on Evil
 72551 | Crypt:3  | Got a faintly glowing platinum ring
 72568 | Crypt:3  | Identified the ring of Hobemp {*Tele Slay+3} (You found it
                  | on level 3 of the Crypt)
 72880 | Depths:4 | Received a gift from Okawaru
 72885 | Depths:4 | Got a jewelled scale mail {god gift}
 73198 | Depths:4 | Learned a level 4 spell: Dispel Undead
 73991 | Depths:4 | Reached skill level 10 in Staves
 74541 | Depths:4 | Found Uliecwag's Slaves and Accessories.
 74607 | Depths:4 | Found Jack's Jerk-a-riffic Jerky.
 74759 | Depths:4 | Found Qyavueg's Miraculous Elixirs.
 74845 | Depths:4 | Found a bloodstained altar of Trog.
 74923 | Depths:4 | Found The Legendary Ytro's Legendary Smithy.
 75028 | Depths:4 | Received a gift from Okawaru
 75352 | Depths:4 | Found a shimmering blue altar of Sif Muna.
 75464 | Depths:5 | Entered Level 5 of the Depths
 75688 | Depths:5 | Received a gift from Okawaru
 75862 | Depths:5 | Noticed Boris
 75868 | Depths:5 | Killed Boris
 76296 | Depths:5 | Reached XP level 27. HP: 234/273 MP: 33/33
 76509 | Depths:5 | Reached skill level 5 in Spellcasting
 76603 | Depths:5 | Received a gift from Okawaru
 76751 | Depths:5 | Received a gift from Okawaru
 77041 | Depths:5 | Found a gate to the Realm of Zot.
 77127 | Depths:5 | Received a gift from Okawaru
 77235 | Depths:5 | Identified the +2 scale mail of Vaic {Harm rPois rC+ Dex+3}
                  | (Okawaru gifted it to you on level 4 of the Depths)
 77680 | Vaults:5 | Entered Level 5 of the Vaults
 77691 | Vaults:5 | Received a gift from Okawaru
 77697 | Vaults:5 | Reached skill level 10 in Necromancy
 78064 | Vaults:5 | Noticed an ancient lich
 78080 | Vaults:5 | Killed an ancient lich
 78392 | Vaults:5 | Received a gift from Okawaru
 78487 | Vaults:5 | Identified the Compendium of Mutagenic Dark Arts
 78490 | Vaults:5 | Identified the +7 great mace of Slow Death {vorpal, rN+
                  | Dex+4} (You found it on level 5 of the Vaults)
 78728 | Vaults:5 | Got a silver rune of Zot
 78822 | Vaults:5 | Identified the +6 great mace "X" {vorpal, Fragile Int+5}
                  | (You found it on level 5 of the Vaults)
 78982 | Vaults:5 | Identified Wimegic's Handbook of Syndicalism
 79495 | Vaults:5 | Acquired the +4 pair of boots of Jigsaw {Dex+4}
 80191 | Vaults:5 | Identified the cursed +0 spear of the Vaults {vorpal, Str+2
                  | Int+4} (You found it on level 5 of the Vaults)
 80429 | D:13     | Bought a potion of mutation for 264 gold pieces
 80429 | D:13     | Bought a scroll of silence for 247 gold pieces
 80866 | Depths:4 | Bought a potion of mutation for 400 gold pieces
 80866 | Depths:4 | Bought 2 potions of mutation for 800 gold pieces
 81118 | Orc:2    | Bought a potion of resistance for 140 gold pieces
 81213 | D:9      | Bought a potion of haste for 250 gold pieces
 81264 | D:6      | Bought a potion of haste for 310 gold pieces
 81569 | Depths:4 | Bought a potion of mutation for 400 gold pieces
 81708 | Zot:1    | Entered Level 1 of the Realm of Zot
 81727 | Zot:1    | Received a gift from Okawaru
 81728 | Zot:1    | Found the +2 cloak of the Thief {+Fog Slay-2 SInv Stlth+}
 81766 | Zot:1    | Noticed an orb of fire
 81779 | Zot:1    | Killed an orb of fire
 83307 | Zot:2    | Received a gift from Okawaru
 84162 | Zot:3    | Found the +0 mask of the Dragon {MR+ Slay+3 SInv}
 84164 | Zot:3    | Found a transporter.
 84193 | Zot:3    | Found a transporter.
 84273 | Zot:3    | Found a transporter.
 84479 | Zot:3    | Found a transporter.
 84522 | Zot:3    | Noticed an orb of fire
 84523 | Zot:3    | Gained mutation: Your body sometimes deteriorates upon
                  | taking damage. [an orb of fire]
 84532 | Zot:3    | Gained mutation: You have large cloven feet. [an orb of
                  | fire]
 84540 | Zot:3    | Gained mutation: You are occasionally teleported next to
                  | monsters. [an orb of fire]
 84561 | Zot:3    | Killed an orb of fire
 84562 | Zot:3    | Lost mutation: You are occasionally teleported next to
                  | monsters. [potion of mutation]
 84562 | Zot:3    | Lost mutation: You have large cloven feet. [potion of
                  | mutation]
 84562 | Zot:3    | Gained mutation: You are resistant to hostile enchantments.
                  | (MR+) [potion of mutation]
 84562 | Zot:3    | Gained mutation: Your body often deteriorates upon taking
                  | damage. [potion of mutation]
 84562 | Zot:3    | Gained mutation: You are clumsy. (Dex -2) [potion of
                  | mutation]
 84562 | Zot:3    | Gained mutation: You expend magic power (3 MP) to
                  | strengthen your wands. [potion of mutation]
 85094 | Zot:4    | Noticed an orb of fire
 85101 | Zot:4    | Gained mutation: You occasionally shout uncontrollably at
                  | your foes. [an orb of fire]
 85103 | Zot:4    | Killed an orb of fire
 85321 | Zot:4    | Reached skill level 15 in Invocations
 85359 | Zot:4    | Received a gift from Okawaru
 85680 | Zot:4    | Received a gift from Okawaru
 85936 | Zot:4    | Received a gift from Okawaru
 86051 | Zot:5    | Entered Level 5 of the Realm of Zot
 86082 | Zot:5    | Noticed an orb of fire
 86105 | Zot:5    | Killed an orb of fire
 86492 | Zot:5    | Received a gift from Okawaru
 86492 | Zot:5    | Reached skill level 15 in Dodging
 86711 | Zot:5    | Noticed an ancient lich
 86738 | Zot:5    | Killed an ancient lich
 86738 | Zot:5    | Received a gift from Okawaru
 86738 | Zot:5    | Reached skill level 27 in Axes
 86741 | Zot:5    | Identified the +8 battleaxe of the Hills {flame, MP+9
                  | Dex+4} (Okawaru gifted it to you on level 5 of the Realm of
                  | Zot)
 86885 | Zot:5    | Noticed an orb of fire
 86895 | Zot:5    | Killed an orb of fire
 87785 | Zot:5    | Noticed an ancient lich
 87793 | Zot:5    | Received a gift from Okawaru
 87802 | Zot:5    | Killed an ancient lich
 87849 | Zot:5    | Noticed an orb of fire
 87978 | Zot:5    | Noticed an ancient lich
 87985 | Zot:5    | Killed an ancient lich
 88318 | Zot:5    | Received a gift from Okawaru
 88382 | Zot:5    | Received a gift from Okawaru
 88431 | Zot:5    | Killed an orb of fire
 88431 | Zot:5    | Received a gift from Okawaru
 88437 | Zot:5    | Noticed an ancient lich
 88444 | Zot:5    | Killed an ancient lich
 88459 | Zot:5    | Noticed an ancient lich
 88468 | Zot:5    | Killed an ancient lich
 88468 | Zot:5    | Received a gift from Okawaru
 88503 | Zot:5    | Identified the +0 helmet of the Thinker {rC+ Str-4 Dex+5}
                  | (Okawaru gifted it to you on level 5 of the Realm of Zot)
 88647 | Zot:5    | Noticed an orb of fire
 88753 | Zot:5    | Killed an orb of fire
 88766 | Zot:5    | Lost mutation: You are resistant to hostile enchantments.
                  | (MR+) [potion of mutation]
 88766 | Zot:5    | Lost mutation: You occasionally shout uncontrollably at
                  | your foes. [potion of mutation]
 88766 | Zot:5    | Lost mutation: You are clumsy. (Dex -2) [potion of
                  | mutation]
 88766 | Zot:5    | Lost mutation: Your body often deteriorates upon taking
                  | damage. [potion of mutation]
 88766 | Zot:5    | Gained mutation: Your flesh is cold resistant. (rC+)
                  | [potion of mutation]
 88766 | Zot:5    | Gained mutation: You are robust. (+10% HP) [potion of
                  | mutation]
 88766 | Zot:5    | Gained mutation: You have very sharp teeth. [potion of
                  | mutation]
 89047 | Zot:5    | Got the Orb of Zot
 89107 | Zot:5    | Noticed Kilunt the pandemonium lord
 89132 | Zot:5    | Killed Kilunt the pandemonium lord
 89282 | Depths:5 | Noticed Boris
 89288 | Depths:5 | Killed Boris
 89540 | D:12     | Noticed Nuwien the pandemonium lord
 89559 | D:12     | Killed Nuwien the pandemonium lord
 89559 | D:12     | Received a gift from Okawaru
 89845 | D:$      | Escaped with the Orb!

Illustrated notes

Levels and vault maps discovered:
D:1:      ldierk_walled_garden, layout_loops_ring
D:2:      layout_loops_corners, chequers_ecumenical_altar_simple,
          serial_bayou_lagoon_a
D:3:      layout_loops_ring, first_ration, lightli_corner_chamber
D:4:      layout_loops_ring, minmay_temple_entry_from_below_a
D:5:      cheibrodos_thug_alley, layout_loops_ring, kennysheep_small_circle
D:6:      layout_rooms, basic_altar, serial_shops, shop,
          biasface_ghost_orc_armoury, kennysheep_minor_cross,
          guppyfry_shop_venom, uniq_sigmund
D:7:      layout_cave_pods, enter_bailey_3, serial_shops, shop
D:8:      layout_basic, david_lair_generic, uniq_psyche
D:9:      layout_rooms, kennysheep_little_box, serial_shops, shop
D:10:     layout_cave_pools
D:11:     layout_loops_ring
D:12:     layout_roguey, orc_0_dummy, minivault_27,
          hangedman_little_slice_of_home, uniq_rupert
D:13:     layout_cave_pools, erik_vaults_2, ebering_ghost_gozag, uniq_nessos
D:14:     layout_stronghold, serial_shops, nicolae_shop_crystal,
          nicolae_ru_awakened_eye
D:15:     grunt_enter_depths_giant_problem, layout_basic, serial_shops, shop,
          gammafunk_ghost_abyssal_escape, lemuel_nasty_fountain
Temple:   compressed_dpeg_circular_temple
Lair:1:   layout_chaotic_city, serial_bayou_ford_a, cheibrodos_lair_lostbears
Lair:2:   beast_lair_carwin_large_4, layout_regular_city, swamp_mist_pool,
          serial_bayou_shore_b, infiniplex_staircase_pool
Lair:3:   beast_lair_carwin_large_1, layout_regular_city, serial_forest,
          infiniplex_forest_clump_diagonal, infiniplex_forest_clump_tiny,
          infiniplex_forest_straight_2, infiniplex_forest_end_1,
          infiniplex_forest_straight_2, infiniplex_forest_lined_room_2,
          infiniplex_forest_lined_1, nicolae_volcano_entry_s_turn,
          chequers_serial_rivers_micro_a, serial_bayou_shore_a
Lair:4:   layout_gridlike, guppyfry_snake_entry_island, beast_lair_carwin_2,
          uniq_nergalle, uniq_urug
Lair:5:   layout_cave_shapes, minmay_slime_entry_oklob_enclosed,
          gauntlet_entry_generic, nicolae_lair_grove_arrangements,
          grunt_megastairs_5, uniq_sonja
Swamp:1:  layout_basic_swamp, nicolae_swamp_orc_logging_accident
Swamp:2:  layout_basic_swamp, nicolae_swamp_fairy_circle, swamp_pool2,
          uniq_donald
Swamp:3:  layout_basic_swamp, evilmike_swamp_ruin_house_2, swamp_pool1
Swamp:4:  swamp_alternative, layout_basic_swamp, ebering_ghost_xom,
          portal_ice_cave_entry_pillars_2, swamp_pool5, uniq_roxanne
Snake:1:  layout_layer_cave, basic_altar, grunt_megastairs_3
Snake:2:  cheibrodos_forgotten_conduit, layout_rooms, serial_curves,
          eino_curves_02, eino_curves_03, eino_curves_04, eino_curves_03,
          basic_altar, serial_shops, shop_coins
Snake:3:  layout_rooms
Snake:4:  grunt_snake_rune_serpentine_throne, layout_misc_corridors,
          grunt_ministairs_14, serial_bayou_lake_a, uniq_asterion, uniq_aizul
Orc:1:    layout_diamond_mine, gammafunk_ghost_abyssal_escape,
          trog_butcher_becter
Orc:2:    grunt_orc_community_town_hall, layout_caves,
          grunt_orc_community_big_house_1, grunt_orc_community_big_house_1,
          grunt_orc_community_house_2, grunt_orc_community_house_1,
          grunt_orc_community_house_2, grunt_orc_community_house_1,
          grunt_orc_community_house_1, grunt_orc_community_house_3, basic_altar,
          uniq_erolcha
Elf:1:    eino_elf_arrival_sip, layout_geoelf_octagon, minmay_elf_demonology
Elf:2:    layout_gridlike, serial_shops, nicolae_shop_overgrown_old_shop,
          st_stairs_5
Elf:3:    minmay_elf_hall_dome, layout_geoelf_diagonals, serial_shops,
          shop_fountains
Vaults:1: nicolae_vaults_stairing_the_circle, vaults_room_large_hall,
          vaults_standard_mumra_x, nicolae_vaults_bisected_exclaves,
          nicolae_vaults_big_ls, ontoclasm_vaults_gallery, v_misc_4, v_rooms_5,
          v_misc_19, vaults_dpeg_diagonal, grunt_vaults_hallway_short,
          serial_ice_h, vaults_room_pools, layout_vaults_ring
Vaults:2: hangedman_vaults_stretched_pinwheel,
          minmay_crypt_entry_simple_corners, nicolae_vaults_halls_meeting,
          ontoclasm_vaults_pinch, hangedman_vaults_restitches, serial_ice_h,
          ontoclasm_vaults_decontamination, v_rooms_6, v_misc_11,
          hangedman_vaults_cutoff, v_misc_3, v_misc_8, vaults_mumra_hex,
          ontoclasm_vaults_loading_screen, layout_vaults_maze_bifur
Vaults:3: ontoclasm_vaults_hangar, nicolae_vaults_network_square,
          nicolae_vaults_shelves_hall, vaults_room_door_ring, v_misc_12,
          nicolae_vaults_three_branches, vaults_dpeg_hooks, vaults_room_fours,
          layout_vaults_omnicross, uniq_mara, uniq_xtahua
Vaults:4: vaults_mumra_minichess_inversion, nicolae_vaults_minivaults,
          v_misc_14, v_misc_8, hangedman_vaults_trim, ontoclasm_vaults_gateway,
          grunt_vaults_focal, v_misc_22, nicolae_vaults_angled_halls,
          v_pattern_5, v_misc_27, nicolae_vaults_mini_display_case,
          ontoclasm_vaults_eye, vaults_room_hallway, vaults_room_pools,
          layout_vaults_omnibox
Vaults:5: serial_shops
Crypt:1:  gammafunk_sealed_arena, layout_misc_corridors, st_stairs_5,
          uniq_frederick, uniq_sojobo, uniq_bai_suzhen
Crypt:2:  layout_regular_city
Crypt:3:  david_glass_crypt, layout_basic, tomb_entry_simple_bobbens,
          st_stairs_13, moated_statue, lemuel_freeze_loot_1, uniq_jory,
          uniq_margery
Depths:1: layout_cave_shapes, enter_ziggurat_c, grunt_metal_band,
          rand_demon_pan_entry_4, glass_columns_b, kennysheep_kite_vault
Depths:2: minmay_spriggan_fort, layout_cave_pools, hell_entry, abyss_entry,
          grunt_decor_fettered, pan_entry, nzn_random_ring,
          minmay_staircase_windowed_large
Depths:3: minmay_complete_graph, layout_basic, rand_demon_pan_entry_9,
          pf_coc_iceberg, guppyfry_shop_blood
Depths:4: grated_community_mu [grated_community_mu_vampire_home,
          grated_community_mu_giant_home, grated_community_mu_spellcaster_home,
          grated_community_mu_orcish_home, grated_community_mu_troll_home,
          grated_community_mu_taur_home, grated_community_mu_unbuilt_plot],
          layout_basic, minmay_room_of_horrors, infiniplex_staircase_zigzag_1,
          pf_dread_powers_of_hell
Depths:5: grunt_runaround [grunt_runaround_doors_1, grunt_runaround_doors_2,
          grunt_runaround_doors_3, grunt_runaround_doors_4,
          grunt_runaround_zot], serial_shops, hell_entry, uniq_boris
Zot:1:    layout_onion_interference, zot_minivault_3
Zot:2:    layout_cellular_growth
Zot:3:    gammafunk_its_a_trap, layout_misc_corridors, st_stairs_1,
          chequers_guarded_unrand_mask_of_the_dragon
Zot:4:    layout_gridlike, grunt_megastairs_1
Zot:5:    layout_cathedral_of_symmetry

Skill      XL: |  1  2  3  4  5  6  7  8  9 10 11 12 13 14 15 16 17 18 19 20 21 22 23 24 25 26 27 |
---------------+----------------------------------------------------------------------------------+-----
Fighting       | 1 2 3 4 6 7 9 12 14 15 16 17 19 21 23 25 26 27 | 27.0
Maces & Flails | 1 3 4 5 10 | 10.4
Spellcasting   | 2 3 4 5 |  5.0
Evocations     | 1 2 4 6 |  6.0
Armour         | 1 2 3 6 12 14 15 16 17 18 19 23 | 23.0
Axes           | 3 7 9 12 14 15 16 17 19 20 27 | 27.0
Necromancy     | 5 6 8 12 | 12.0
Throwing       | 2 4 5 6 7 8 10 12 15 16 18 | 18.0
Invocations    | 2 4 5 6 8 10 12 14 16 | 16.0
Dodging        | 2 4 6 7 10 11 12 13 14 17 | 17.0
Stealth        | 2 |  2.0
Conjurations   | 1 2 |  2.0
Shields        | 3 6 |  6.0
Staves         | 4 6 10 13 | 13.0

Action                   |  1- 3 |  4- 6 |  7- 9 | 10-12 | 13-15 | 16-18 | 19-21 | 22-24 | 25-27 || total
-------------------------+-------+-------+-------+-------+-------+-------+-------+-------+-------++-------
Melee: Club              |    23 |       |       |       |       |       |       |       |       ||    23
       Mace              |    53 |    88 |       |     1 |     7 |    53 |       |       |       ||   202
       Hand axe          |       |    31 |   157 |    13 |       |       |       |       |       ||   201
       War axe           |       |       |   155 |   197 |   110 |   100 |       |       |       ||   562
       Broad axe         |       |       |       |   452 |  1391 |   935 |       |       |       ||  2778
       Punch             |       |       |       |     5 |       |       |       |       |       ||     5
       Battleaxe         |       |       |       |       |       |   331 |   650 |   869 |  1431 ||  3281
       Executioner's axe |       |       |       |       |       |       |   493 |   539 |   939 ||  1971
       Lajatang          |       |       |       |       |       |       |       |    80 |    66 ||   146
       Bite              |       |       |       |       |       |       |       |       |    10 ||    10
 Fire: Hunting sling     |       |       |    29 |       |       |       |       |       |       ||    29
Throw: Stone             |     6 |    15 |    18 |       |       |       |       |       |       ||    39
       Dart              |       |       |    98 |   149 |    63 |       |       |       |       ||   310
       Javelin           |       |       |     3 |     1 |    12 |    53 |       |    22 |   378 ||   469
       Boomerang         |       |       |       |     4 |    14 |   144 |     5 |       |    20 ||   187
       Throwing net      |       |       |       |       |     2 |       |       |     2 |     1 ||     5
 Cast: Pain              |    68 |    72 |   152 |     5 |       |     1 |       |       |       ||   298
       Animate Skeleton  |     5 |    15 |    23 |    64 |    64 |    50 |    58 |    49 |    20 ||   348
       Animate Dead      |       |       |       |       |       |       |       |       |     3 ||     3
Invok: Heroism           |       |       |     7 |    42 |    33 |    19 |    15 |    26 |    19 ||   161
       Finesse           |       |       |       |       |    10 |     7 |     9 |    20 |    29 ||    75
 Abil: Stop Flying       |       |       |       |     1 |       |     1 |     1 |     1 |     1 ||     5
       Evoke Flight      |       |       |       |       |       |     2 |       |     1 |     1 ||     4
       Evoke Blink       |       |       |       |       |       |       |       |       |     1 ||     1
Evoke: Wand              |       |     7 |     2 |     7 |     7 |     8 |     6 |     4 |    16 ||    57
       Box of beasts     |       |       |       |     1 |       |       |       |       |       ||     1
       Tin of tremorston |       |       |       |     1 |     4 |       |       |       |       ||     5
       Phial of floods   |       |       |       |       |     2 |       |       |       |       ||     2
       Phantom mirror    |       |       |       |       |       |       |     1 |       |       ||     1
  Use: Scroll            |     2 |     6 |    12 |    16 |    14 |    15 |    13 |    14 |    26 ||   118
       Potion            |       |       |     9 |     3 |     3 |     2 |     5 |     3 |     9 ||    34
 Stab: Sleeping          |     3 |     1 |     1 |     4 |       |       |       |       |       ||     9
       Paralysed         |       |    22 |    11 |       |     1 |       |       |       |       ||    34
       Distracted        |       |       |       |     3 |     9 |     5 |    10 |     5 |     9 ||    41
       Invisible         |       |       |       |     2 |       |       |       |       |       ||     2
       Confused          |       |       |       |       |       |     2 |       |       |       ||     2
  Eat: Chunk             |     7 |     5 |    12 |    25 |    26 |     5 |     8 |    15 |     8 ||   111
       Ration            |       |     4 |     5 |     2 |     3 |    10 |     7 |     6 |    20 ||    57
Armor: Robe              |    37 |    19 |    55 |   102 |       |       |       |       |       ||   213
       Skin              |       |       |    13 |       |       |       |       |       |       ||    13
       Chain mail        |       |       |       |   112 |   669 |   813 |   486 |   704 |    46 ||  2830
       Pearl dragon scal |       |       |       |       |       |       |       |       |  1164 ||  1164
Dodge: Dodged            |   114 |    81 |   174 |   322 |   530 |   784 |   546 |   780 |  1340 ||  4671
Block: Buckler           |       |       |       |       |   289 |   283 |       |       |       ||   572
